 Dungeon Crawl Stone Soup version 0.20-b1-18-gaa2fd62 (webtiles) character file.

2811 Kook the Firebug (level 9, -1/69 HPs)
             Began as a Demonspawn Fire Elementalist on May 25, 2017.
             Was a Follower of Vehumet.
             Slain by a two-headed ogre
             ... wielding a cursed -2 giant spiked club
              (27 damage)
             ... on level 8 of the Dungeon.
             The game lasted 00:34:53 (9997 turns).

Kook the Firebug (Demonspawn Fire Elementalist)     Turns: 9997, Time: 00:34:53

Health: -1/69      AC:  2    Str:  8    XL:     9   Next: 44%
Magic:  9/18       EV: 15    Int: 20    God:    Vehumet [*.....]
Gold:   441        SH:  4    Dex: 14    Spells: 10/20 levels left

rFire    . . .     SeeInvis +   v - +1 whip (venom)
rCold    . . .     Gourm    .   (no shield)
rNeg     . . .     Faith    .   a - +0 robe
rPois    .         Spirit   .   (no helmet)
rElec    .         Reflect  +   (no cloak)
rCorr    .         Harm     .   (no gloves)
MR       .....                  (no boots)
Stlth    ++++......             g - +4 amulet of reflection
Regen    0.3/turn               r - ring of see invisible
MPRegen  0.2/turn               (no ring)

@: no status effects
A: talons 2, repulsion field 2, nightstalker 2
a: Renounce Religion


You were on level 8 of the Dungeon.
You worshipped Vehumet.
Vehumet was aware of your devotion.
You were not hungry.

You visited 2 branches of the dungeon, and saw 9 of its levels.
You also visited: Ossuary.

You collected 441 gold pieces.

Inventory:

Hand Weapons
 v - a +1 whip of venom (weapon)
Armour
 a - a +0 robe (worn)
Jewellery
 g - a +4 amulet of reflection (around neck)
 p - an uncursed amulet of the gourmand
 r - a ring of see invisible (left hand)
Wands
 k - a wand of acid (9/15)
 C - a wand of flame (41/48)
Scrolls
 e - a scroll of fear
 h - a scroll of magic mapping
 j - a scroll of fog
 m - 6 scrolls of identify
 n - 4 scrolls of teleportation
 q - a scroll of remove curse
 s - 2 scrolls of blinking
 x - a scroll of immolation
 y - a scroll of noise {unknown}
 z - a scroll of enchant armour {unknown}
 B - a scroll of acquirement {unknown}
Potions
 d - a potion of cancellation
 i - 2 potions of degeneration
 o - a potion of might
 t - a potion of brilliance
 w - a potion of ambrosia
Books
 b - a book of Flames

   Spells                             Type                      Level
   a - Flame Tongue                   Conjuration/Fire             1
   b - Throw Flame                    Conjuration/Fire             2
   c - Conjure Flame                  Conjuration/Fire             3
   d - Inner Flame                    Hexes/Fire                   3
   e - Sticky Flame                   Conjuration/Fire             4
   f - Fireball                       Conjuration/Fire             5
Comestibles
 c - 5 bread rations
 f - 7 fruits
 l - 7 meat rations
 u - 2 chunks of flesh


   Skills:
 * Level 6.2 Fighting
 - Level 1.7 Dodging
 - Level 1.7 Stealth
 * Level 6.2 Spellcasting
 * Level 6.5 Conjurations
 * Level 6.7 Fire Magic


You had 10 spell levels left.
You knew the following spells:

 Your Spells              Type           Power        Failure   Level  Hunger
a - Flame Tongue          Conj/Fire      ####.        1%          1    None
b - Throw Flame           Conj/Fire      ####..       1%          2    None
c - Conjure Flame         Conj/Fire      ####....     1%          3    ##.....
d - Sticky Flame          Conj/Fire      ####....     7%          4    ####...


Dungeon Overview and Level Annotations

Branches:
Dungeon (8/15)             Temple (1/1) D:6
   Lair: D:8-11

Altars:
Cheibriados
Dithmenos
Elyvilon
Fedhas
Gozag
Hepliaklqana
Kikubaaqudgha
Makhleb
Nemelex Xobeh
Okawaru
Qazlal
Ru
Sif Muna
Trog
Uskayaw
Vehumet
Xom
Yredelemnul
Zin
The Shining One

Shops:
D:4 }   D:5 %


Innate Abilities, Weirdness & Mutations

You have razor-sharp toenails.
You are surrounded by a moderate repulsion field. (EV +3)
You are significantly more attuned to the shadows.


Message History

The two-headed ogre burns!
The two-headed ogre burns!
The two-headed ogre burns!
The two-headed ogre burns!
The two-headed ogre burns!
The two-headed ogre burns!
The two-headed ogre burns!
The two-headed ogre burns!
The two-headed ogre burns!
The two-headed ogre stops burning.
Casting: Sticky Flame
Confirm with . or Enter, or press ? or * to list all spells.
Aiming: Sticky Flame
Press: ? - help, Shift-Dir - straight line, f/p - two-headed ogre
Aim: a two-headed ogre, wielding a giant spiked club and a giant club (almost dead)
The sticky flame hits the two-headed ogre.
The two-headed ogre is almost dead.
The two-headed ogre is covered in liquid flames!
The two-headed ogre burns!
The two-headed ogre barely misses you.
The two-headed ogre hits you with a giant club!!
You die...

#.#.#....#...... ....
#.#....#...... ##....
#.#....#...... #.....
#......#......# #...#.
###.#..#....[.###...#.
#...#..#............#.
#.#.#..#......###...#.
#.#.#O.#..............
#...#@.##.....###.###.
###.....#.##### #.# ##
#.....#.# #.####
#.....#.# #.#...
......#.# #.#...
.#.....#.# #.####
#.........# #.....
######


You could see a two-headed ogre (burning).

Vanquished Creatures
  The ghost of HeyBub the Cutter, a novice DgFi (D:6)
  A steam dragon (D:8)
  A water moccasin (D:6)
  An ice beast (D:6)
  An orc warrior (D:7)
  2 ogres
  2 centaurs (D:7)
  A bullfrog (D:8)
  2 scorpions
  2 water moccasin skeletons
  3 howler monkeys
  4 wights (D:6)
  5 crimson imps
  A jelly (D:7)
  4 orc priests
  A bullfrog skeleton (D:6)
  4 hounds
  2 iguanas
  Jessica (D:3)
  2 worker ants
  6 orc wizards
  A hound zombie (D:7)
  2 hound skeletons
  A mummy (D:6)
  4 gnolls
  10 adders
  An ooze (D:2)
  A worm (D:3)
  3 dart slugs
  7 leopard geckos
  19 orcs
  2 ball pythons
  6 giant cockroaches
  3 goblins
  15 hobgoblins
  13 jackals
  8 quokkas
  9 bats
  10 frilled lizards
  A jackal zombie (D:6)
  10 kobolds
  A kobold zombie (D:6)
  9 rats
183 creatures vanquished.

Notes
Turn   | Place    | Note
-------+----------+-------------------------------------------
     0 | D:1      | Kook the Demonspawn Fire Elementalist began the quest for the Orb.
     0 | D:1      | Reached XP level 1. HP: 13/13 MP: 3/3
   514 | D:1      | Gained mutation: You are slightly more attuned to the shadows. [demonic ancestry]
   514 | D:1      | Reached XP level 2. HP: 20/20 MP: 3/5
   965 | D:1      | Reached skill level 1 in Fighting
  1588 | D:1      | Gained mutation: You are significantly more attuned to the shadows. [demonic ancestry]
  1588 | D:1      | Reached XP level 3. HP: 26/26 MP: 3/6
  2724 | D:3      | Gained mutation: You have sharp toenails. [demonic ancestry]
  2724 | D:3      | Reached XP level 4. HP: 32/32 MP: 4/8
  2965 | D:3      | Noticed Jessica
  2984 | D:3      | Killed Jessica
  3233 | D:3      | Gained mutation: You are surrounded by a mild repulsion field. (EV +2) [demonic ancestry]
  3233 | D:3      | Reached XP level 5. HP: 35/38 MP: 1/9
  3336 | D:3      | Learned a level 2 spell: Throw Flame
  3340 | D:3      | Learned a level 3 spell: Conjure Flame
  3461 | D:3      | Found a burning altar of Makhleb.
  3818 | D:3      | Found a white marble altar of Elyvilon.
  3821 | D:3      | Found a sparkling altar of Nemelex Xobeh.
  3824 | D:3      | Found a radiant altar of Vehumet.
  4504 | D:4      | Found Pijaob's Gadget Boutique.
  4508 | D:4      | Noticed an ogre
  4521 | D:4      | Killed an ogre
  4521 | D:4      | Gained mutation: You have razor-sharp toenails. [demonic ancestry]
  4521 | D:4      | Reached XP level 6. HP: 46/46 MP: 6/11
  4565 | D:4      | Learned a level 4 spell: Sticky Flame
  4765 | D:4      | Found a bloodstained altar of Trog.
  4882 | D:5      | Entered Level 5 of the Dungeon
  5529 | D:4      | Gained mutation: You are surrounded by a moderate repulsion field. (EV +3) [demonic ancestry]
  5529 | D:4      | Reached XP level 7. HP: 52/52 MP: 6/13
  5858 | D:5      | Found an opulent altar of Gozag.
  6128 | D:5      | Found Miaroj's Food Boutique.
  6422 | D:5      | Found a glowing golden altar of the Shining One.
  6568 | D:6      | Found a sand-covered staircase.
  6575 | Ossuary  | Entered an ossuary
  6575 | Ossuary  | Noticed caycecop's ghost (novice MiBe)
  6880 | D:6      | Reached skill level 5 in Fire Magic
  7009 | D:6      | Reached XP level 8. HP: 60/60 MP: 2/15
  7186 | D:6      | Noticed HeyBub's ghost (novice DgFi)
  7239 | D:6      | Killed HeyBub's ghost
  7239 | D:6      | Reached skill level 5 in Fighting
  7239 | D:6      | Reached skill level 5 in Spellcasting
  7239 | D:6      | Reached skill level 5 in Conjurations
  7724 | D:6      | Found a blossoming altar of Fedhas.
  7730 | D:6      | Found a shimmering altar of Xom.
  7733 | D:6      | Found a shadowy altar of Dithmenos.
  7792 | D:6      | Found a staircase to the Ecumenical Temple.
  7799 | Temple   | Entered the Ecumenical Temple
  8206 | D:3      | Became a worshipper of Vehumet
  8732 | D:7      | Found a radiant altar of Vehumet.
  8772 | D:7      | Reached XP level 9. HP: 62/68 MP: 13/17
  8937 | D:7      | Found a stormy altar of Qazlal.
  9406 | D:7      | Reached * piety under Vehumet
  9406 | D:7      | Offered knowledge of Shock by Vehumet.
  9980 | D:8      | Noticed a two-headed ogre
  9997 | D:8      | Slain by a two-headed ogre

Skill      XL: |  1  2  3  4  5  6  7  8  9 |
---------------+----------------------------+-----
Fighting       | 1 2 3 4 5 6 |  6.2
Fire Magic     | 3 4 5 6 |  6.7
Conjurations   | 2 3 4 5 6 |  6.5
Spellcasting   | 3 4 5 6 |  6.2
Dodging        | |  1.7
Stealth        | |  1.7

Action                   |  1- 3 |  4- 6 |  7- 9 || total
-------------------------+-------+-------+-------++-------
Melee: Whip              |     9 |     8 |   113 ||   130
       Kick              |       |     3 |    25 ||    28
 Cast: Flame Tongue      |    84 |   144 |   173 ||   401
       Conjure Flame     |       |       |    10 ||    10
       Sticky Flame      |       |       |     6 ||     6
  Use: Potion            |       |     3 |       ||     3
       Scroll            |       |       |    14 ||    14
 Stab: Sleeping          |       |       |     3 ||     3
  Eat: Chunk             |     6 |     8 |    16 ||    30
Armor: Robe              |     1 |     5 |    11 ||    17
Dodge: Dodged            |    28 |    38 |   134 ||   200
Block: Other             |       |       |    31 ||    31
